 Dungeon Crawl Stone Soup version 0.30-a0-272-gf98c3da03f (webtiles) character file.

Game seed: 4059626735729944965

182058 onlyrandom the Geomancer (level 17, -12/152 HPs)
             Began as a Yellow Draconian Air Elementalist on Oct 14, 2022.
             Was a High Priest of Vehumet.
             Killed from afar by a hell hog (46 damage)
             ... with a fireball
             ... on level 3 of the Abyss on Oct 15, 2022.
             The game lasted 03:45:38 (65570 turns).

onlyrandom the Geomancer (DrAE)                    Turns: 65570, Time: 03:45:38

Health: -12/152    AC: 18    Str: 10    XL:     17   Next: 69%
Magic:  33/33      EV: 23    Int: 28    God:    Vehumet [*****.]
Gold:   97         SH: 13    Dex: 16    Spells: 1/40 levels left

rFire   . . .      SeeInvis .    a - staff of conjuration {!a@e2staff}
rCold   . . .      Faith    .    W - +3 buckler
rNeg    + + .      Spirit   .    (body armour unavailable)
rPois   +          Reflect  +    (helmet restricted)
rElec   .          Harm     .    N - +2 cloak
rCorr   +          Rampage  .    t - +2 pair of gloves
Will    +....                    h - +2 pair of boots {Fly}
Stlth   ++........               w - amulet of Reil {Reflect rN+ SH+5}
HPRegen 0.45/turn                l - ring of Ephemeral Luck {rCorr EV+4 Int+4}
MPRegen 0.23/turn                Q - ring of the Three Mouths {*Corrode rPois rN+ Dex+4}

@: about to teleport, flying
A: spit acid, AC +9, unfitting armour, acidic bite, cold-blooded, acid
resistance
a: Breathe Acid, Renounce Religion


You were on level 3 of the Abyss.
You worshipped Vehumet.
Vehumet was extremely pleased with you.
You visited 7 branches of the dungeon, and saw 32 of its levels.
You visited the Abyss 1 time.
You also visited: Bailey.

You collected 3500 gold pieces.
You spent 3403 gold pieces at shops.


Innate Abilities, Weirdness & Mutations

You can spit globs of acid.
Your golden yellow scales are hard. (AC +9)
You cannot fit into any form of body armour.
You have acidic saliva.
You are cold-blooded and may be slowed by cold attacks.
You are resistant to acid. (rCorr)


   Skills:
 - Level 14.0 Fighting
 - Level 13.0 Dodging
 - Level 1.7 Stealth
 - Level 4.0 Shields
 + Level 12.2 Spellcasting
 - Level 10.0 Conjurations
 - Level 10.0 Transmutations
 - Level 3.0 Fire Magic
 - Level 12.0 Air Magic
 - Level 14.2 Earth Magic
 - Level 8.0 Poison Magic
 - Level 8.0 Evocations


You had one spell level left.
You knew the following spells:

 Your Spells              Type           Power      Damage    Failure   Level
a - Lightning Bolt        Conj/Air       43%        1d63      1%          5
b - Lee's Rapid Deconstr  Erth           38%        3d20*     1%          5
c - Ignite Poison         Fire/Tmut/Pois 54%        N/A       1%          3
d - Olgreb's Toxic Radia  Pois           58%        N/A       1%          4
e - Eringya's Noxious Bo  Tmut/Pois      30%        N/A       4%          6
f - Statue Form           Tmut/Erth      47%        N/A       4%          6
g - Iron Shot             Conj/Erth      45%        9d9       1%          6
h - Apportation           Tloc           34%        N/A       4%          1
s - Swiftness             Air            71%        N/A       1%          3

Your spell library contained the following spells:

 Spells                   Type           Power      Damage    Failure   Level
 Orb of Destruction       Conj           41%        9d11      16%         7
 Magic Dart               Conj           100%       1d8       1%          1
 Shock                    Conj/Air       100%       1d9       1%          1
 Sting                    Tmut/Pois      100%       1d8       1%          1
 Necrotise                Necr           68%        1d7       4%          1
 Slow                     Hex            68%        N/A       4%          1
 Summon Small Mammal      Summ           68%        N/A       4%          1
 Cigotuvi's Dreadful Rot  Necr/Pois/Air  100%       N/A       1%          2
 Momentum Strike          Conj/Tloc      100%       3d10      1%          2
 Passwall                 Tmut/Erth      59%        N/A       1%          2
 Poisonous Vapours        Pois/Air       100%       N/A       1%          2
 Static Discharge         Conj/Air       100%       2-7/arc   1%          2
 Kindle Blastsparks       Fire/Tloc/Air  90%        2d17      1%          3
 Mephitic Cloud           Conj/Pois/Air  83%        N/A       1%          3
 Stone Arrow              Conj/Erth      100%       3d13      1%          3
 Vhi's Electric Charge    Tloc/Air       100%       N/A       1%          3
 Airstrike                Air            35%        2d(6-22)  1%          4
 Fulminant Prism          Conj/Hex       30%        3d16      1%          4
 Iskenderun's Mystic Bla  Conj/Tloc      61%        2d13      1%          4
 Arcjolt                  Conj/Air       43%        1d53      1%          5
 Blade Hands              Tmut           32%        N/A       1%          5
 Freezing Cloud           Conj/Ice/Air   36%        6-21      1%          5
 Leda's Liquefaction      Hex/Erth       27%        N/A       2%          4
 Blink                    Tloc           34%        N/A       6%          2
 Call Imp                 Summ           17%        N/A       6%          2
 Call Canine Familiar     Summ           17%        N/A       12%         3
 Confusing Touch          Hex            17%        N/A       12%         3
 Lesser Beckoning         Tloc           34%        N/A       12%         3
 Portal Projectile        Hex/Tloc       34%        N/A       12%         3
 Summon Guardian Golem    Hex/Summ       17%        N/A       12%         3
 Tukima's Dance           Hex            17%        N/A       12%         3
 Vampiric Draining        Necr           17%        2d7       12%         3
 Dispel Undead            Necr           17%        3d10      38%         4
 Lehudib's Crystal Spear  Conj/Erth      45%        10d11     41%         8
 Maxwell's Capacitive Co  Air            35%        ∞         43%         8
 Death Channel            Necr           8%         N/A       99%         6
 Borgnjor's Revivificati  Necr           8%         N/A       100%        8
 Necromutation            Tmut/Necr      22%        N/A       100%        8
 Death's Door             Necr           8%         N/A       100%        9
 Animate Armour           Summ/Erth      Unusable   N/A       N/A         4

Inventory:

Hand Weapons
 G - a +2 long sword of distortion {!wlong}
   (You took it off a wight on level 9 of the Dungeon)
Armour
 h - a +2 pair of boots of flying (worn)
   (You found it on level 1 of the Swamp)
 t - a +2 pair of gloves (worn)
   (You found it on level 4 of the Dungeon)
 N - a +2 cloak (worn)
   (You took it off Crazy Yiuf on level 2 of the Dungeon)
 W - a +3 buckler (worn)
   (You bought it in a shop on level 2 of the Orcish Mines)
Magical Staves
 a - a staff of conjuration (weapon) {!a@e2staff}
   (You bought it in a shop on level 10 of the Dungeon)
 b - a staff of poison {!astaff}
   (You found it on level 5 of the Dungeon)
Jewellery
 g - a ring of willpower
   (You acquired it on level 1 of the Swamp)
 l - the ring of Ephemeral Luck (left hand) {rCorr EV+4 Int+4}
   (You found it on level 2 of the Dungeon)

   [ring of evasion]

   EV:        It affects your evasion (+4).
   Int:       It affects your intelligence (+4).
   rCorr:     It protects you from acid and corrosion.
 s - a ring of protection from fire
   (You bought it in a shop on level 7 of the Dungeon)
 w - the amulet of Reil (around neck) {Reflect rN+ SH+5}
   (You found it on level 4 of the Swamp)

   [amulet of reflection]

   It reflects blocked missile attacks.
   rN:        It protects you from negative energy.
   SH:        It affects your SH (+5).
 Q - the ring of the Three Mouths (right hand) {*Corrode rPois rN+ Dex+4}
   (You bought it in a shop on level 4 of the Snake Pit)

   [ring of positive energy]

   Dex:       It affects your dexterity (+4).
   rPois:     It protects you from poison.
   rN:        It protects you from negative energy.
   *Corrode:  It may corrode you when you take damage.
 V - an amulet of magic regeneration {@e2}
   (You found it on level 14 of the Dungeon)
Wands
 d - a wand of light (16)
   (You found it on level 10 of the Dungeon)
 m - a wand of polymorph (5)
   (You found it on level 4 of the Dungeon)
 E - a wand of paralysis (36)
   (You found it on level 8 of the Dungeon)
 L - a wand of iceblast (24)
   (You bought it in a shop on level 10 of the Dungeon)
 Z - a wand of mindburst (9)
   (You bought it in a shop on level 10 of the Dungeon)
Scrolls
 c - 2 scrolls of silence {!r}
 e - 7 scrolls of immolation {!r!r}
 i - a scroll of summoning
 n - 13 scrolls of identify {@r1}
 p - 6 scrolls of teleportation {@r4}
 q - 6 scrolls of vulnerability {!r!r}
 r - 3 scrolls of blinking {!r}
 v - a scroll of fear
 y - 6 scrolls of enchant weapon
 A - 5 scrolls of butterflies
 B - 2 scrolls of poison {!r}
 J - a scroll of enchant armour
 K - 4 scrolls of torment {!r}
 P - 4 scrolls of magic mapping {!r}
 S - 2 scrolls of brand weapon
 U - 3 scrolls of amnesia
Potions
 f - 5 potions of brilliance
 j - 2 potions of lignification {!q}
 k - 4 potions of mutation {!q}
 o - 5 potions of heal wounds {@q2}
 u - 8 potions of curing {@q1}
 x - 5 potions of haste {@q3}
 z - 4 potions of might
 C - 3 potions of cancellation
 D - 3 potions of resistance
 I - 2 potions of ambrosia
 M - 2 potions of attraction {unknown}
 O - 2 potions of berserk rage {!q}
Miscellaneous
 F - a tin of tremorstones (2/2) {throwing}
   (You found it on level 4 of the Snake Pit)
 H - a lightning rod (4/4)
   (You found it on level 1 of the Swamp)
 X - a phial of floods
   (You bought it in a shop on level 10 of the Dungeon)
 Y - a condenser vane
   (You bought it in a shop on level 10 of the Dungeon)

Dungeon Overview and Level Annotations

Branches:
Dungeon (15/15) Zot: 20209  Temple (1/1) D:4 Zot: 5786    Lair (5/5) D:9 Zot: 14395
  Swamp (4/4) Lair:2 Zot: 17960   Snake (4/4) Lair:3 Zot: 15114   Slime (0/5) Lair:5
    Orc (2/2) D:9 Zot: 7182     Elf (0/3) Orc:2        Vaults (0/5) D:13
 Depths (1/4) D:15 Zot: 5998  Bailey (visited)

Altars:
Ashenzari
Cheibriados
Dithmenos
Elyvilon
Fedhas
Gozag
Hepliaklqana
Kikubaaqudgha
Makhleb
Nemelex Xobeh
Okawaru
Qazlal
Ru
Sif Muna
Trog
Uskayaw
Vehumet
Wu Jian
Xom
Yredelemnul
Zin
The Shining One
Jiyva

Shops:
D:4 ?   D:7 *   D:10 *   Orc:2 *::[   Snake:3 *   Snake:4 =:=

Portals:
Abyss: Lair:2
Trove: D:12 (give 8 potions of haste)

Annotations:
D:8 Ijustatesigmund's ghost, journeyman GrFi
D:12 trove
Lair:2 2 transporters, Nank's ghost, journeyman GrBe
Lair:3 1 runed translucent door, Komishar's ghost, journeyman DECj
Lair:5 1 runed translucent door
Swamp:4 Lernaean hydra
Snake:2 3 runed translucent doors, Iseoff's ghost, adept MfGl
Snake:4 Louise
Orc:2 books

. .. ♣#....#...§.#......
.. ∩..#.......§§...#....
...............#........
...#.......h###......
......###..Z........#.
... .##........≈.....
...#.......h........
.......§h§§.......
....#...@...#.#...
....#.........3...
##................
.#.~..#..#.#..#..
..#..###......... .#...
...##.... .... ...# #...
.~.. ... ..


You could see 3 hell hogs, a ynoxinul and a dire elephant zombie.


Message History

You feel agile.
Q - the ring of the Three Mouths (right hand) {*Corrode rPois rN+ Dex+4} You drop a ring of positive energy.
a - a staff of conjuration (weapon)
{!a@e2staff} You can access your shopping list by pressing '$'.
There is an entrance to Huhumoz's Book Emporium here.
You can access your shopping list by pressing '$'.
F - a tin of tremorstones (2/2) {throwing}
There is an entrance to Kejox's Jewellery Boutique here.
You can access your shopping list by pressing '$'.
There is an empty arch of ancient stone here.
Louise is nearby!
Aiming: Mindburst
Press: ? - help, Shift-Dir - straight line, f - Louise
Aim: Louise, wielding a +5 demon trident of pain, wearing a +0 plate armour and wearing a +0 tower shield (wandering, hasn't noticed you, chance to affect: 42%)
Okay, then.
Unknown command.
Aiming: Paralyse
Press: ? - help, Shift-Dir - straight line, f - Louise
Aim: Louise, wielding a +5 demon trident of pain, wearing a +0 plate armour and wearing a +0 tower shield (wandering, hasn't noticed you, chance to affect: 18%)
Okay, then.
Unknown command.
Aiming: Mindburst
Press: ? - help, Shift-Dir - straight line, f - Louise
Aim: Louise, wielding a +5 demon trident of pain, wearing a +0 plate armour and wearing a +0 tower shield (wandering, hasn't noticed you, chance to affect: 42%) Louise shouts!
Louise resists with some effort.
Aiming: Bolt of Light
Press: ? - help, Shift-Dir - straight line, f - you, p - Louise That beam is likely to hit you.
Continue anyway?
Okay, then.
Aiming: Mindburst
Press: ? - help, Shift-Dir - straight line, f - Louise
Aim: Louise, wielding a +5 demon trident of pain, wearing a +0 plate armour and wearing a +0 tower shield (chance to affect: 42%) Louise's mind is blasted!!
Aiming: Iron Shot (mildly dangerous; 1% risk of failure)
Press: ? - help, Q - select action, (/) - cycle Shift-Dir - straight line, f/p - Louise
Aim: Louise, wielding a +5 demon trident of pain, wearing a +0 plate armour and wearing a +0 tower shield (moderately wounded, 92% to hit)
You feel a surge of power!
The iron shot hits Louise!!!
Louise casts a spell at you.
You are cast into the Abyss!
This branch contains the abyssal rune of Zot. 😎 MP[-6]
You lost 6 mp, and now have 27/33 mp.
A dire elephant zombie materialises. 😎 MP[+5]
You regained 5 mp, and now have 32/33 mp. 😎 MP[+1]
Your mp is fully restored (33).
A hell hog comes into view. x2
The hell hog squeals angrily. x2
The hell hog breathes fire at you.
The fireball explodes!
The fireball engulfs you!!! The hell hog breathes fire at you.
The fireball explodes!
The fireball engulfs you.
You hear a shout! 😮 HP[-43]
You take 43 damage, and now have 109/152 hp.
MASSIVE DAMAGE!! (PAUSE) 😮 HP[+1]
As you read the scroll of teleportation {@r4}, it crumbles to dust.
You feel strangely unstable.
You feel the power of the Abyss delaying your translocation!
The hell hog breathes fire at you.
The fireball explodes!
The fireball engulfs you!
You hear a roar! 😮 HP[-16]
You take 16 damage, and now have 94/152 hp.
The hell hog breathes fire at you.
The fireball explodes!
The fireball engulfs you!!
* * * LOW HITPOINT WARNING * * *
😨 HP[-18]
You take 18 damage, and now have 76/152 hp. 😮 HP[+1]
A hell hog comes into view. 😮 HP[+1]
A ynoxinul comes into view.
The hell hog breathes fire at you.
The fireball explodes!
The fireball engulfs you!!!
* * * LOW HITPOINT WARNING * * *
The dire elephant zombie is engulfed in a cloud of scalding steam. 😱 HP[-50]
You take 50 damage, and now have 28/152 hp.
MASSIVE DAMAGE!! (PAUSE)
You are engulfed in a cloud of scalding steam.
The hell hog breathes fire at you.
The fireball explodes!
The fireball engulfs you!
* * * LOW HITPOINT WARNING * * *
😱 HP[-14]
You take 14 damage, and now have 14/152 hp.
You feel much better.
You are engulfed in a cloud of scalding steam.
The hell hog completely misses you. 😱 HP[+19]
You regained 19 hp, and now have 33/152 hp.
The hell hog attacks as you move away! You block the hell hog's attack.
The hell hog breathes fire at you.
The fireball explodes!
The fireball engulfs the hell hog.
The hell hog completely resists.
The fireball engulfs you!!!
You die...

Skill      XL: |  1  2  3  4  5  6  7  8  9 10 11 12 13 14 15 16 17 |
---------------+----------------------------------------------------+-----
Conjurations   | 2 3 5 6 7 10 | 10.0
Air Magic      | 4 5 7 8 10 11 12 | 12.0
Dodging        | 3 4 5 8 10 12 13 | 13.0
Fighting       | 2 4 5 7 9 11 12 14 | 14.0
Spellcasting   | 3 5 7 9 11 12 | 12.2
Poison Magic   | 2 5 8 |  8.0
Earth Magic    | 8 10 13 14 | 14.2
Evocations     | 1 7 8 |  8.0
Transmutations | 7 9 10 | 10.0
Fire Magic     | 2 3 |  3.0
Shields        | 4 |  4.0
Stealth        | |  1.7

Action                   |  1- 3 |  4- 6 |  7- 9 | 10-12 | 13-15 | 16-18 || total
-------------------------+-------+-------+-------+-------+-------+-------++-------
Melee: Dagger            |    17 |    55 |       |       |       |       ||    72
       Unarmed           |     2 |       |       |       |    13 |       ||    15
       Tailslap          |     2 |    19 |    11 |    18 |    95 |     5 ||   150
       Spear             |       |    45 |       |       |       |       ||    45
       Short sword       |       |    30 |       |       |       |       ||    30
       Whip              |       |       |    89 |       |       |       ||    89
       Punch             |       |       |     1 |     1 |     8 |       ||    10
       Scimitar          |       |       |    16 |     7 |       |       ||    23
       Rapier            |       |       |       |    90 |       |       ||    90
       Staff             |       |       |       |     9 |   433 |    33 ||   475
       Bite              |       |       |       |       |    61 |     4 ||    65
Throw: Dart              |     3 |     6 |     1 |    12 |       |       ||    22
       Javelin           |       |       |     1 |       |       |       ||     1
 Cast: Shock             |    81 |    71 |   100 |       |       |       ||   252
       Static Discharge  |     1 |    12 |    38 |   203 |   200 |       ||   454
       Airstrike         |       |       |    48 |    86 |   262 |       ||   396
       Lightning Bolt    |       |       |       |    62 |   226 |   106 ||   394
       Mephitic Cloud    |       |       |       |     3 |       |       ||     3
       Swiftness         |       |       |       |     1 |     4 |     1 ||     6
       Lee's Rapid Decon |       |       |       |     3 |   168 |    57 ||   228
       Ignite Poison     |       |       |       |       |     7 |    55 ||    62
       Statue Form       |       |       |       |       |     6 |    16 ||    22
       Olgreb's Toxic Ra |       |       |       |       |     4 |    90 ||    94
       Eringya's Noxious |       |       |       |       |     1 |    11 ||    12
       Iskenderun's Myst |       |       |       |       |     1 |       ||     1
       Iron Shot         |       |       |       |       |       |   145 ||   145
Invok: Renounce Religion |       |     1 |       |       |       |       ||     1
 Abil: Breathe Acid      |       |       |     3 |     5 |     1 |     1 ||    10
Evoke: Wand              |       |     1 |     1 |     8 |    29 |    18 ||    57
       Condenser vane    |       |       |       |       |     1 |     1 ||     2
       Phial of floods   |       |       |       |       |     1 |     1 ||     2
  Use: Potion            |     1 |     3 |     1 |     6 |     3 |     8 ||    22
       Scroll            |       |     4 |    10 |    14 |    20 |    15 ||    63
 Stab: Distracted        |       |     1 |       |       |       |       ||     1
       Confused          |       |       |       |     1 |       |       ||     1
       Invisible         |       |       |       |     1 |     2 |       ||     3
       Paralysed         |       |       |       |       |     7 |       ||     7
Armor: Skin              |    15 |    38 |    34 |   137 |   364 |   159 ||   747
Dodge: Dodged            |    31 |    84 |   172 |   383 |  1349 |   386 ||  2405
Block: Buckler           |       |       |       |       |       |    90 ||    90
       Reflection        |       |       |       |       |       |    13 ||    13

Levels and vault maps discovered:
D:1:      kb_arrival_jail, layout_basic, basic_ecumenical_altar
D:2:      layout_loops_ring, minmay_diced_spiral, uniq_crazy_yiuf_cottage,
          uniq_robin, uniq_terence
D:3:      layout_rooms, lemuel_round_altar, minmay_misc_feat_nine_boxes,
          uniq_grinder, uniq_natasha
D:4:      cheibrodos_greedy_goblins, layout_rooms, minmay_temple_entry_poolview,
          serial_shops, nicolae_shop_statue_plus, uniq_pikel
D:5:      layout_layer_cave, minivault_23
D:6:      layout_rooms
D:7:      layout_loops_ring, serial_shops, nicolae_square_shop, uniq_menkaure,
          uniq_duvessa
D:8:      layout_layer_cave
D:9:      layout_basic, nicolae_ashenzari_panopticon, david_lair_generic,
          orc_0_dummy
D:10:     layout_roguey, serial_rivers, chequers_serial_rivers_room_a,
          chequers_serial_rivers_small_a, chequers_serial_rivers_micro_d,
          chequers_serial_rivers_micro_a, enter_bailey_2, nicolae_blasting_shop
D:11:     layout_irregular_city, hangedman_abyss_or_decor_stabs
D:12:     layout_cave_pools, nicolae_trove_entry_free_sample, xom_redecorated
D:13:     kennysheep_kobold_grotto, layout_irregular_city, david_vaults_3
D:14:     layout_cave_pools, zin_angel, serial_park, serial_park_avenue1,
          serial_park_square3 [serial_park_minivault_5x5_5], serial_park_gazebo
          [serial_park_minivault_5x5_4], serial_park_tiny_1,
          chequers_serial_rivers_large_a, minivault_16, uniq_roxanne
D:15:     grunt_enter_depths_snipers, layout_basic, serial_shops,
          nicolae_shop_hallway_stairs, serial_bayou_pond_c,
          chequers_serial_rivers_room_a, minivault_16
Temple:   nicolae_temple_bog_church
Lair:1:   layout_gridlike, basic_altar, gammafunk_ghost_hydra_chop
Lair:2:   layout_cave_pods, minmay_swamp_entry_reptiles,
          gammafunk_ghost_abyssal_escape, st_stairs_8, roderic_carrion_pond
Lair:3:   layout_long_grid, minmay_snake_entry_six_corridors,
          hellmonk_ghost_happy_afterlife, infiniplex_staircase_pool
Lair:4:   layout_loops_ring
Lair:5:   evilmike_catoblepas_cave, layout_concentric_octagons, slime_entry_2,
          lemuel_fruit_tree
Swamp:1:  layout_basic_swamp, gammafunk_ghost_arena,
          evilmike_swamp_ruin_rubble_1, infiniplex_staircase_pool_2
Swamp:2:  layout_falls_marsh, evilmike_swamp_ruin_rubble_2
Swamp:3:  layout_falls_marsh, nicolae_swamp_well_well_well, swamp_pool1,
          nicolae_swamp_hydra_murder_den
Swamp:4:  swamp_basic_johnstein, layout_basic_swamp, nicolae_swamp_bunyip_nook
Snake:1:  layout_gridlike, nicolae_integral_box
Snake:2:  layout_layer_cave, gammafunk_ghost_necromancy,
          nicolae_snake_snake_lake, uniq_vashnia, uniq_aizul
Snake:3:  layout_cave_town, minmay_shop_star, uniq_bai_suzhen
Snake:4:  minmay_snake_end_coiled, layout_cave_town, minmay_shop_grove,
          serial_bayou_shore_b, uniq_louise
Orc:1:    layout_caves
Orc:2:    st_orc_mages, layout_caves, ebering_ghost_xom,
          dreamdust_deal_with_the_devil, uniq_azrael
Depths:1: grunt_arcs, layout_cave_shapes, hell_entry, dk_noncrumbling_2,
          grunt_pan_entry_spiral, hangedman_abyss_entry_splay,
          minmay_guarded_unrand_wrath_of_trog
Abyss:3:  base: Orc:2, gammafunk_corrupted_shrine

Notes
Turn   | Place    | Note
-------+----------+-------------------------------------------
     0 | D:1      | onlyrandom the Draconian Air Elementalist began the quest
                  | for the Orb.
     0 | D:1      | Reached XP level 1. HP: 14/14 MP: 3/3
     0 | D:1      | magus.rc [v1.9.6]
     2 | D:1      | Noticed a spriggan
     2 | D:1      | Noticed a meteoran
     4 | D:1      | Noticed an elf
     4 | D:1      | Noticed an armataur
     6 | D:1      | Noticed a felid
     6 | D:1      | Noticed a naga
     8 | D:1      | Noticed a demigod
     8 | D:1      | Noticed a human
    10 | D:1      | Noticed a tengu
    10 | D:1      | Noticed an octopode
    15 | D:1      | Noticed a demonspawn
    15 | D:1      | Noticed an ogre
    17 | D:1      | Noticed a formicid
    17 | D:1      | Noticed a vine stalker
    19 | D:1      | Noticed a merfolk
    19 | D:1      | Noticed a minotaur
    21 | D:1      | Noticed a gargoyle
    21 | D:1      | Noticed a vampire
    23 | D:1      | Noticed a troll
    23 | D:1      | Noticed a ghoul
    27 | D:1      | Noticed a gargoyle
    29 | D:1      | Noticed an octopode
    29 | D:1      | Noticed a naga
    43 | D:1      | You pick up a book of Lightning and begin reading...
    43 | D:1      | You add the spells Vhi's Electric Charge, Lightning Bolt
                  | and Arcjolt to your library.
    44 | D:1      | magus.rc [v1.9.6]
   248 | D:1      | Found a faded altar of an unknown god.
   320 | D:1      | Reached XP level 2. HP: 16/20 MP: 0/5
   324 | D:1      | You pick up a book of Callings and begin reading...
   324 | D:1      | You add the spells Summon Small Mammal, Call Canine
                  | Familiar and Summon Guardian Golem to your library.
   331 | D:1      | Learned a level 2 spell: Static Discharge
   331 | D:1      | Prayed at the altar of an unknown god.
   331 | D:1      | Became a worshipper of the Shining One
   331 | D:1      | Reached * piety under the Shining One
   983 | D:1      | Reached skill level 2 in Conjurations
  1190 | D:2      | Noticed Terence
  1444 | D:2      | Found a runed translucent door.
  1445 | D:2      | Noticed Crazy Yiuf
  1461 | D:2      | HP: 1/20 [worm (10)]
  1464 | D:2      | Reached XP level 3. HP: 1/26 MP: 1/6
  1866 | D:1      | Learned a level 3 spell: Swiftness
  1928 | D:2      | Killed Terence
  1929 | D:2      | Reached skill level 4 in Air Magic
  1996 | D:2      | Reached skill level 3 in Conjurations
  1996 | D:2      | Reached XP level 4. HP: 33/33 MP: 1/7
  2138 | D:2      | Identified the ring of Ephemeral Luck {rCorr EV+4 Int+4}
  2142 | D:2      | Noticed Robin
  2294 | D:2      | Killed Robin
  2303 | D:2      | Reached skill level 2 in Dodging
  2335 | D:2      | Reached skill level 1 in Fighting
  3079 | D:3      | You pick up a book of Minor Magic and begin reading...
  3079 | D:3      | You add the spells Magic Dart, Call Imp and Mephitic Cloud
                  | to your library.
  3125 | D:3      | Noticed Grinder
  3147 | D:3      | Killed Grinder
  3148 | D:3      | Reached skill level 2 in Fighting
  3148 | D:3      | Reached skill level 3 in Dodging
  3148 | D:3      | Reached XP level 5. HP: 39/41 MP: 0/9
  3148 | D:3      | Reached XP level 6. HP: 46/48 MP: 0/10
  3337 | D:3      | Reached ** piety under the Shining One
  3513 | D:3      | You pick up a book of Decay {forbidden} and begin
                  | reading...
  3513 | D:3      | You add the spells Cigotuvi's Dreadful Rot, Dispel Undead
                  | and Death Channel to your library.
  3519 | D:3      | Learned a level 4 spell: Airstrike
  3562 | D:3      | You pick up a book of Cantrips and begin reading...
  3562 | D:3      | You add the spells Necrotise and Apportation to your
                  | library.
  3635 | D:3      | Noticed Natasha
  3642 | D:3      | Killed Natasha
  3643 | D:3      | Reached skill level 3 in Spellcasting
  3643 | D:3      | Reached skill level 5 in Air Magic
  3803 | D:3      | Found a sparkling altar of Nemelex Xobeh.
  3902 | D:4      | Found Haiwnu Dore's Magic Scroll Shoppe.
  3931 | D:3      | Noticed Natasha
  3935 | D:3      | Killed Natasha
  4027 | D:4      | Bought a scroll of blinking for 82 gold pieces
  4027 | D:4      | Bought a scroll of identify for 22 gold pieces
  4205 | D:4      | Found a staircase to the Ecumenical Temple.
  4217 | Temple   | Entered the Ecumenical Temple
  4383 | Temple   | Fell from the grace of the Shining One
  4402 | Temple   | Became a worshipper of Vehumet
  4507 | D:4      | Noticed Pikel
  4907 | D:4      | Bought a scroll of summoning for 104 gold pieces
  5085 | D:4      | magus.rc [v1.9.6]
  5087 | D:4      | Pikel changed into Pikel the water moccasin
  5087 | D:4      | Noticed Pikel
  5095 | D:4      | Killed Pikel the water moccasin
  5096 | D:4      | Your scales start taking on a golden yellow colour.
  5096 | D:4      | Reached XP level 7. HP: 44/55 MP: 0/11
  5096 | D:4      | Gained mutation: You are resistant to acid. (rCorr) [Yellow
                  | Draconian growth]
  5239 | D:5      | Entered Level 5 of the Dungeon
  5240 | D:5      | magus.rc [v1.9.6]
  5419 | D:5      | Reached skill level 4 in Dodging
  5419 | D:5      | Reached skill level 6 in Air Magic
  6374 | D:5      | Reached skill level 7 in Air Magic
  6843 | D:6      | Reached XP level 8. HP: 61/61 MP: 7/12
  7143 | D:6      | Reached * piety under Vehumet
  7143 | D:6      | Offered knowledge of Kiss of Death by Vehumet.
  7152 | D:6      | Learned a level 3 spell: Mephitic Cloud
  7280 | D:6      | Reached skill level 5 in Dodging
  7280 | D:6      | Reached skill level 1 in Poison Magic
  7591 | D:6      | Reached skill level 3 in Fighting
  7591 | D:6      | Reached skill level 2 in Poison Magic
  7592 | D:6      | Reached skill level 8 in Air Magic
  8017 | D:6      | Reached skill level 4 in Fighting
  8354 | D:7      | Noticed Duvessa
  8412 | D:7      | Killed Duvessa
  8418 | D:7      | Noticed Dowan
  8440 | D:7      | Killed Dowan
  8650 | D:7      | Reached XP level 9. HP: 73/73 MP: 7/14
  8833 | D:7      | Reached skill level 5 in Fighting
  8871 | D:7      | Reached skill level 4 in Spellcasting
  9144 | D:7      | Found Diehium's General Store.
  9164 | D:7      | Noticed Menkaure
  9169 | D:7      | Killed Menkaure
  9170 | D:7      | Reached skill level 9 in Air Magic
  9652 | D:8      | Reached ** piety under Vehumet
  9652 | D:8      | Offered knowledge of Poisonous Vapours by Vehumet.
 10176 | D:8      | Reached skill level 6 in Dodging
 10399 | D:8      | Reached skill level 5 in Spellcasting
 10923 | D:9      | Identified a +0 robe of the Archmagi
 10974 | D:9      | Reached skill level 7 in Dodging
 11176 | D:9      | Found a staircase to the Orcish Mines.
 11252 | D:9      | Reached skill level 10 in Air Magic
 11316 | D:9      | Reached skill level 8 in Dodging
 11317 | D:9      | Offered knowledge of Scorch by Vehumet.
 11327 | D:9      | Learned a level 5 spell: Lightning Bolt
 11333 | D:9      | Reached XP level 10. HP: 25/81 MP: 3/17
 11778 | D:9      | Reached *** piety under Vehumet
 11853 | D:9      | Noticed an elephant
 11909 | D:9      | Killed an elephant
 12008 | D:9      | Found a broken altar of Ashenzari.
 12512 | D:9      | Found a staircase to the Lair.
 12731 | D:10     | Entered Level 10 of the Dungeon
 12742 | D:10     | Reached skill level 9 in Dodging
 12742 | D:10     | Reached skill level 4 in Conjurations
 12857 | D:10     | Offered knowledge of Dazzling Flash by Vehumet.
 13022 | D:10     | Found Mamea's Demolitions Depot.
 13137 | D:10     | Found a flagged portal.
 13152 | Bailey   | Entered a bailey
 13159 | Bailey   | Reached skill level 6 in Fighting
 13220 | Bailey   | HP: 31/126 [human/+0 war axe (2)]
 13225 | Bailey   | HP: 30/126 [bullfrog (3)]
 13230 | Bailey   | HP: 21/126 [human/+0 war axe (3)]
 13235 | Bailey   | HP: 27/126 [/static electricity (4)]
 13317 | Bailey   | Reached skill level 5 in Conjurations
 13317 | Bailey   | Reached skill level 11 in Air Magic
 13367 | Bailey   | Reached **** piety under Vehumet
 13502 | Bailey   | Noticed a vault guard
 13518 | Bailey   | Killed a vault guard
 13519 | Bailey   | Reached skill level 7 in Fighting
 13519 | Bailey   | Reached skill level 10 in Dodging
 13521 | Bailey   | Reached XP level 11. HP: 45/92 MP: 10/18
 13523 | Bailey   | Offered knowledge of Stone Arrow by Vehumet.
 13769 | Bailey   | Noticed a vault guard
 13778 | Bailey   | Noticed Prince Ribbit
 13780 | Bailey   | Killed a vault guard
 13789 | Bailey   | Killed Prince Ribbit
 14258 | D:10     | Reached skill level 6 in Conjurations
 14800 | D:10     | Bought a staff of conjuration for 275 gold pieces
 14800 | D:10     | Bought a wand of iceblast (5) for 132 gold pieces
 14877 | D:10     | Noticed a two-headed ogre
 14880 | D:10     | Killed a two-headed ogre
 14881 | D:10     | Reached skill level 8 in Fighting
 15365 | D:11     | Noticed a white ugly thing
 15408 | Lair:1   | Entered Level 1 of the Lair of Beasts
 15409 | Lair:1   | Upgraded the game from 0.30-a0-266-g2b27a225a3 to
                  | 0.30-a0-272-gf98c3da03f
 15409 | Lair:1   | magus.rc [v1.9.6]
 15550 | Lair:1   | You pick up a book of Debilitation and begin reading...
 15550 | Lair:1   | You add the spells Slow, Vampiric Draining and Confusing
                  | Touch to your library.
 15554 | Lair:1   | You pick up a book of the Earth and begin reading...
 15554 | Lair:1   | You add the spells Leda's Liquefaction, Lee's Rapid
                  | Deconstruction and Statue Form to your library.
 15613 | Lair:1   | Found a runed translucent gate.
 15613 | Lair:1   | Found a runed translucent gate.
 15613 | Lair:1   | Found a runed translucent gate.
 15615 | Lair:1   | Noticed an 11-headed hydra
 16169 | Lair:1   | Found an opulent altar of Gozag.
 16206 | Lair:1   | Reached skill level 12 in Air Magic
 16415 | Lair:1   | Noticed Zoydwoupn's ghost (journeyman DgTm)
 16535 | D:9      | Reached skill level 11 in Dodging
 16761 | Lair:1   | Reached skill level 9 in Fighting
 17273 | D:2      | Killed Crazy Yiuf
 17569 | Lair:2   | Noticed a four-headed hydra
 17569 | Lair:2   | Found a staircase to the Swamp.
 17579 | Lair:1   | Killed a four-headed hydra
 17886 | Lair:2   | Found a transporter.
 17889 | Lair:2   | Found a one-way gate to the infinite horrors of the Abyss.
 17889 | Lair:2   | Noticed Nank's ghost (journeyman GrBe)
 17889 | Lair:2   | Noticed a hell hog
 17912 | Lair:2   | Found a transporter.
 18122 | Lair:2   | Noticed a purple ugly thing
 18122 | Lair:2   | Noticed a cyan ugly thing
 18127 | Lair:2   | Reached skill level 12 in Dodging
 18488 | Lair:2   | Reached XP level 12. HP: 85/106 MP: 15/20
 18489 | Lair:2   | Reached skill level 10 in Fighting
 18519 | Lair:1   | Learned a level 5 spell: Lee's Rapid Deconstruction
 18607 | Lair:2   | Reached skill level 1 in Earth Magic
 18850 | Lair:2   | magus.rc [v1.9.6]
 18874 | Lair:2   | Noticed a death yak
 18885 | Lair:2   | Noticed a death yak
 18886 | Lair:2   | Killed a death yak
 18887 | Lair:2   | Reached skill level 3 in Earth Magic
 18889 | Lair:2   | Noticed a death yak
 19114 | Lair:2   | Killed a death yak
 19307 | Lair:2   | Killed a death yak
 19308 | Lair:2   | Reached skill level 4 in Earth Magic
 19779 | Lair:2   | Reached skill level 5 in Earth Magic
 19906 | Lair:2   | You pick up a book of the Earth and begin reading...
 20585 | Lair:3   | Identified the +1 chain mail of Monotheism {Str+2}
 20769 | Lair:3   | magus.rc [v1.9.6]
 20849 | Lair:3   | Found a staircase to the Snake Pit.
 21043 | Lair:3   | Noticed Komishar's ghost (journeyman DECj)
 21058 | Lair:2   | Reached skill level 6 in Earth Magic
 22112 | Lair:3   | Found a runed translucent door.
 22134 | Lair:3   | Reached skill level 11 in Fighting
 22134 | Lair:3   | Reached skill level 13 in Dodging
 22548 | Lair:4   | Reached skill level 7 in Earth Magic
 22874 | Lair:4   | HP: 27/110 [blink frog (11)]
 22878 | Lair:3   | HP: 8/110 [blink frog (10)]
 22880 | Lair:3   | Reached skill level 8 in Earth Magic
 23329 | Lair:4   | Reached skill level 1 in Evocations
 23693 | Lair:4   | Reached XP level 13. HP: 110/116 MP: 18/21
 23696 | Lair:4   | Reached skill level 2 in Evocations
 24281 | Lair:4   | You pick up a book of Weapons and begin reading...
 24281 | Lair:4   | You add the spells Tukima's Dance, Portal Projectile and
                  | Blade Hands to your library.
 24288 | Lair:4   | Reached skill level 3 in Evocations
 24996 | Lair:4   | Reached skill level 9 in Earth Magic
 25065 | Lair:5   | Entered Level 5 of the Lair of Beasts
 25377 | Lair:5   | Reached skill level 4 in Evocations
 25743 | Lair:4   | Reached ***** piety under Vehumet
 25743 | Lair:4   | Offered knowledge of Eringya's Noxious Bog by Vehumet.
 26101 | Lair:5   | Reached skill level 5 in Evocations
 26663 | Lair:5   | Reached skill level 6 in Spellcasting
 26663 | Lair:5   | Reached skill level 10 in Earth Magic
 27501 | Lair:4   | Reached skill level 6 in Evocations
 28348 | Lair:5   | Found a runed translucent door.
 28349 | Lair:5   | Noticed an acid blob
 28350 | Lair:5   | Found a viscous altar of Jiyva.
 28350 | Lair:5   | Noticed an acid blob
 28352 | Lair:5   | Found a staircase to the Slime Pits.
 28352 | Lair:5   | Noticed an acid blob
 28708 | Lair:5   | Reached skill level 7 in Spellcasting
 28925 | Lair:5   | Reached skill level 7 in Evocations
 29215 | Lair:5   | Gained mutation: You have acidic saliva. [Yellow Draconian
                  | growth]
 29215 | Lair:5   | Reached XP level 14. HP: 124/124 MP: 16/25
 29340 | Lair:5   | Reached skill level 11 in Earth Magic
 30309 | Lair:5   | You add the spells Borgnjor's Revivification, Necromutation
                  | and Death's Door to your library.
 30513 | Lair:1   | Killed Zoydwoupn's ghost
 30727 | D:11     | Reached skill level 8 in Evocations
 30739 | D:11     | Learned a level 6 spell: Statue Form
 31214 | D:11     | Reached skill level 1 in Transmutations
 31366 | D:11     | Offered knowledge of Spellforged Servitor by Vehumet.
 31501 | D:11     | Reached skill level 2 in Transmutations
 31805 | D:11     | Identified the +0 robe of Lust {rF++}
 32596 | D:11     | Reached skill level 3 in Transmutations
 33411 | D:12     | Reached skill level 12 in Earth Magic
 33637 | D:12     | Reached skill level 4 in Transmutations
 34673 | D:12     | Found a shimmering altar of Xom.
 34673 | D:12     | Found a shimmering altar of Xom.
 34675 | D:12     | Found a shimmering altar of Xom.
 34676 | D:12     | Found a shimmering altar of Xom.
 34723 | D:12     | Found a shimmering altar of Xom.
 34724 | D:12     | Found a shimmering altar of Xom.
 34740 | D:12     | Found a portal to a secret trove of treasure.
 34745 | D:12     | This trove needs 8 potions of haste to function. Give it
                  | the items?
 35148 | Orc:1    | Entered Level 1 of the Orcish Mines
 35415 | Orc:1    | Reached skill level 5 in Transmutations
 35668 | Orc:1    | You fall into a shaft and drop 1 floor!
 35668 | Orc:2    | Entered Level 2 of the Orcish Mines
 35669 | Orc:2    | Found a runed translucent door.
 35675 | Orc:1    | Noticed an orc warlord
 35986 | Orc:1    | Killed an orc warlord
 36809 | Orc:2    | Found a shimmering altar of Xom.
 36809 | Orc:2    | Noticed Ijustatesigmund's ghost (journeyman GrFi)
 37003 | Orc:2    | Noticed Azrael
 37024 | Orc:2    | HP: 29/124 [hell hound/blast of flame[Azrael] (11)]
 37470 | D:7      | Bought a ring of protection from fire for 375 gold pieces
 37924 | Orc:2    | Identified a +9 crystal plate armour of ponderousness
 37925 | Orc:2    | v - a +9 crystal plate armour of ponderousness {rare=g}
 37925 | Orc:2    | Identified a +1 robe of the Archmagi
 38332 | Orc:2    | Reached skill level 6 in Transmutations
 38861 | Orc:2    | Reached skill level 13 in Earth Magic
 39053 | Orc:2    | Found a staircase to the Elven Halls.
 39458 | Orc:2    | Found Ceucs's Book Emporium.
 39458 | Orc:2    | Found Duvoost's Antique Armour Emporium.
 39459 | Orc:2    | Found Poosmot's Book Shoppe.
 39463 | Orc:2    | Found Hon Wufy's Assorted Antiques.
 39467 | Orc:2    | You drop a +9 crystal plate armour of ponderousness
                  | {rare=g}.
 39469 | Orc:2    | v - a +9 crystal plate armour of ponderousness {rare=g}
 39472 | Orc:2    | Bought a scroll of teleportation for 81 gold pieces
 39574 | Orc:2    | Killed Azrael
 40500 | Orc:2    | Bought a small onyx ring for 135 gold pieces
 40500 | Orc:2    | Bought a bone ring for 135 gold pieces
 40531 | Orc:1    | You fall into a shaft and drop 1 floor!
 40988 | D:13     | Reached skill level 7 in Transmutations
 41269 | D:13     | Reached XP level 15. HP: 123/129 MP: 8/26
 41779 | D:13     | Noticed Nessos
 41782 | D:13     | Noticed Urug
 41785 | D:13     | Killed Nessos
 42097 | D:12     | Killed Urug
 42644 | D:13     | You pick up a book of Blasting and begin reading...
 42644 | D:13     | You add the spells Kindle Blastsparks, Fulminant Prism and
                  | Iskenderun's Mystic Blast to your library.
 42867 | D:13     | You fall into a shaft and drop 2 floors!
 42867 | D:15     | Entered Level 15 of the Dungeon
 43085 | D:15     | You drop a +9 crystal plate armour of ponderousness
                  | {rare=g}.
 43740 | D:13     | Reached skill level 14 in Earth Magic
 43779 | D:13     | Found a gate to the Vaults.
 43801 | D:13     | You add the spells Ignite Poison and Freezing Cloud to your
                  | library.
 43988 | D:13     | Reached skill level 8 in Spellcasting
 44045 | D:13     | Reached skill level 8 in Transmutations
 44045 | D:13     | HP: 32/129 [skeletal warrior/+0 trident (13)]
 44047 | D:13     | HP: 8/129 [skeletal warrior/+0 short sword (16)]
 44344 | D:14     | Identified Roxanne's Folio of Metamorphosis
 44344 | D:14     | Noticed Roxanne
 44362 | D:14     | Killed Roxanne
 44369 | D:14     | You add the spells Passwall and Eringya's Noxious Bog to
                  | your library.
 44893 | D:13     | Offered knowledge of Fireball by Vehumet.
 45038 | D:14     | Found a glowing silver altar of Zin.
 45802 | D:15     | T - a +9 crystal plate armour of ponderousness {rare=g}
 46073 | D:13     | Learned a level 4 spell: Iskenderun's Mystic Blast
 46081 | D:13     | Learned a level 6 spell: Eringya's Noxious Bog
 46146 | D:15     | Found a staircase to the Depths.
 46216 | D:14     | You drop a +9 crystal plate armour of ponderousness
                  | {rare=g}.
 46245 | D:15     | Found Alife's Weapon Shoppe.
 46645 | D:14     | Learned a level 3 spell: Ignite Poison
 46703 | D:14     | T - a +9 crystal plate armour of ponderousness {rare=g}
 46783 | D:15     | Reached skill level 9 in Spellcasting
 46914 | D:15     | Reached skill level 3 in Poison Magic
 47020 | D:15     | Reached skill level 9 in Transmutations
 47826 | D:15     | Reached skill level 1 in Fire Magic
 48285 | D:15     | You drop a +9 crystal plate armour of ponderousness
                  | {rare=g}.
 48460 | Orc:2    | Bought a buckler for 103 gold pieces
 49391 | D:10     | Bought a phial of floods for 440 gold pieces
 49391 | D:10     | Bought a condenser vane for 440 gold pieces
 49391 | D:10     | Bought a wand of light (4) for 184 gold pieces
 49391 | D:10     | Bought a wand of mindburst (5) for 77 gold pieces
 49532 | Snake:1  | Entered Level 1 of the Snake Pit
 49608 | Snake:1  | Reached skill level 4 in Poison Magic
 50252 | Snake:1  | You pick up a book of Armaments and begin reading...
 50252 | Snake:1  | You add the spells Stone Arrow and Lehudib's Crystal Spear
                  | to your library.
 50473 | Snake:1  | Reached skill level 2 in Fire Magic
 50845 | Snake:2  | HP: 30/130 [salamander tyrant (27)]
 51223 | Orc:2    | Bought a Young Poisoner's Handbook for 240 gold pieces
 51223 | Orc:2    | You add the spells Sting, Poisonous Vapours and Olgreb's
                  | Toxic Radiance to your library.
 51228 | Orc:2    | Learned a level 4 spell: Olgreb's Toxic Radiance
 51498 | Snake:2  | Reached skill level 5 in Poison Magic
 51674 | Snake:2  | Noticed Vashnia
 51679 | Snake:2  | Reached XP level 16. HP: 129/138 MP: 12/29
 51681 | Snake:2  | Reached skill level 3 in Fire Magic
 52020 | Snake:2  | HP: 19/138 [naga sharpshooter/arrow[Vashnia] (24)]
 52440 | Snake:2  | Noticed Aizul
 52900 | D:14     | Reached skill level 10 in Transmutations
 52982 | Depths:1 | Entered Level 1 of the Depths
 53124 | Swamp:1  | Entered Level 1 of the Swamp
 53534 | Lair:2   | Reached skill level 10 in Spellcasting
 54060 | Swamp:1  | Identified a scroll of acquirement
 54063 | Swamp:1  | Acquired a ring of willpower
 54214 | Swamp:1  | Found a transporter.
 54214 | Swamp:1  | Noticed a tentacled monstrosity
 54217 | Swamp:1  | Noticed niknal's ghost (journeyman TrFi)
 54219 | Swamp:1  | Found a transporter.
 54485 | Swamp:1  | Reached skill level 6 in Poison Magic
 54489 | Swamp:1  | Killed a tentacled monstrosity
 54496 | Swamp:1  | Killed niknal's ghost
 54498 | Swamp:1  | Reached skill level 7 in Poison Magic
 54985 | Swamp:2  | Reached skill level 11 in Spellcasting
 55580 | Swamp:2  | You pick up a book of Spatial Translocations and begin
                  | reading...
 55580 | Swamp:2  | You add the spells Blink, Momentum Strike and Lesser
                  | Beckoning to your library.
 55889 | Swamp:3  | Offered knowledge of Iron Shot by Vehumet.
 55892 | Swamp:3  | Reached skill level 8 in Poison Magic
 55993 | Swamp:3  | Noticed a thorn hunter
 56270 | Swamp:2  | Learned a level 6 spell: Iron Shot
 56513 | Swamp:3  | Killed a thorn hunter
 56723 | Swamp:3  | Reached skill level 1 in Shields
 56878 | Swamp:3  | Reached skill level 2 in Shields
 56881 | Swamp:3  | Reached skill level 7 in Conjurations
 57174 | Swamp:4  | Entered Level 4 of the Swamp
 57467 | Swamp:4  | Reached skill level 3 in Shields
 57512 | Swamp:4  | Identified the amulet of Beogh's Reproof {Spirit MP+9}
 57542 | Swamp:4  | Reached skill level 12 in Fighting
 57636 | Swamp:4  | Reached skill level 4 in Shields
 57636 | Swamp:4  | Reached XP level 17. HP: 146/146 MP: 14/32
 57678 | Swamp:4  | Learned a level 1 spell: Apportation
 57683 | Swamp:4  | Identified the amulet of Reil {Reflect rN+ SH+5}
 58673 | Swamp:4  | Noticed the 27-headed Lernaean hydra
 58795 | Swamp:4  | Reached skill level 8 in Conjurations
 59148 | Swamp:4  | HP: 17/148 [will-o-the-wisp/foxfire (33)]
 59664 | Snake:2  | magus.rc [v1.9.6]
 60283 | Snake:1  | Killed Aizul
 60488 | Snake:2  | Reached skill level 13 in Fighting
 60535 | Snake:2  | Found a runed translucent gate.
 60541 | Snake:2  | Found a runed translucent gate.
 60541 | Snake:2  | Found a runed translucent gate.
 60573 | Snake:2  | Noticed Iseoff's ghost (adept MfGl)
 61168 | Snake:2  | Reached skill level 9 in Conjurations
 62187 | Snake:2  | Killed Vashnia
 63374 | Snake:3  | Noticed Bai Suzhen
 63382 | Snake:3  | Killed Bai Suzhen
 63642 | Snake:3  | Reached skill level 10 in Conjurations
 63825 | Snake:3  | Reached skill level 14 in Fighting
 63830 | Snake:3  | Offered knowledge of Orb of Destruction by Vehumet.
 64177 | Snake:3  | Found Fiazotad's General Store.
 64726 | Snake:3  | Reached skill level 12 in Spellcasting
 65117 | Snake:4  | Entered Level 4 of the Snake Pit
 65331 | Snake:4  | Noticed Louise
 65483 | Snake:4  | Found Kejox's Jewellery Boutique.
 65484 | Snake:4  | Found Huhumoz's Book Emporium.
 65485 | Snake:4  | Found Wohisusaune's Jewellery Boutique.
 65491 | Snake:4  | Bought the ring of the Three Mouths {*Corrode rPois rN+
                  | Dex+4} for 578 gold pieces
 65526 | Snake:4  | You are cast into the Abyss!
 65526 | Abyss:3  | Cast into level 3 of the Abyss (Louise)
 65567 | Abyss:3  | HP: 28/152 [hell hog/fireball (50)]
 65570 | Abyss:3  | Killed from afar by a hell hog

Vanquished Creatures
  Bai Suzhen (Snake:3)
  Vashnia (Snake:2)
  A tentacled monstrosity (Swamp:1)
  A thorn hunter (Swamp:3)
  The ghost of niknal the Fighter, a journeyman TrFi of Cheibriados (Swamp:1)
  Roxanne (D:14)
  A fenstrider witch (Swamp:3)
  An orc warlord (Orc:1)
  Aizul (Snake:1)
  2 ghouls (Swamp:1)
  A stone giant (D:15)
  4 eleionomae
  Nessos (D:13)
  Azrael (Orc:2)
  12 bunyips
  The ghost of Zoydwoupn the Transmogrifier, a journeyman DgTm (Lair:1)
  A shambling mangrove (Swamp:3)
  2 vault guards (Bailey)
  19 hydras
  A salamander tyrant (Snake:1)
  4 two-headed ogres
  2 ghost crabs
  3 catoblepae (Lair:5)
  5 anacondas
  A boulder beetle (D:12)
  A dancing weapon (Orc:1)
  A spriggan air mage (Swamp:1)
  6 centaur warriors
  8 death yaks
  6 naga warriors
  9 alligators
  4 orc high priests (Orc:2)
  5 tengu warriors (D:15)
  Urug (D:12)
  10 naga sharpshooters
  3 shock serpents
  9 spriggans
  2 salamander mystics (Snake:2)
  13 skeletal warriors
  A death drake (Swamp:4)
  5 goliath frogs
  2 spriggan druids
  3 naga ritualists
  3 sea snakes (Snake:2)
  3 orc knights
  5 bog bodies
  2 obsidian statues
  3 swamp dragons
  A wizard (D:14)
  A deep elf pyromancer (D:14)
  8 mana vipers
  An orc sorcerer (Orc:2)
  A harpy (D:13)
  4 ugly things
  7 manticores
  11 salamanders
  4 will-o-the-wisps
  5 cyclopes
  24 elephants
  21 black mambas
  A guardian serpent (shapeshifter) (D:12)
  A guardian serpent (Snake:2)
  7 cane toads
  7 naga magi
  An unseen horror (D:11)
  2 gargoyles
  2 kobold demonologists (D:13)
  8 komodo dragons
  2 rime drakes
  A tengu conjurer (D:15)
  An efreet (D:11)
  4 trolls
  9 hornets
  A polar bear (Lair:5)
  3 meliai (D:10)
  4 tyrant leeches
  Grinder (D:3)
  19 blink frogs
  5 slime creatures
  10 dream sheep
  A wraith (D:10)
  2 shadows
  42 yaks
  A fire elemental (Orc:2)
  9 wyverns
  23 humans
  4 vampire mosquitoes
  2 basilisks
  Menkaure (D:7)
  9 swamp worms
  22 nagas
  A warg (Orc:2)
  Duvessa (D:7)
  15 water moccasins
  4 hell hounds
  19 orc warriors
  2 black bears (D:9)
  4 swamp drakes
  4 ice beasts
  15 wolves
  8 ogres
  3 boggarts (D:15)
  24 centaurs
  A phantom (D:5)
  3 lemures (D:4)
  13 kobold brigands
  15 bullfrogs
  8 necrophages
  A gnoll sergeant (D:12)
  4 scorpions
  11 wights
  Dowan (D:7)
  15 killer bees (D:9)
  3 electric eels (Snake:2)
  A howler monkey (D:8)
  A quasit (D:13)
  33 orc priests
  A hound (D:5)
  A jelly (D:4)
  Crazy Yiuf (D:2)
  Terence (D:2)
  Natasha (twice) (D:3)
  5 iguanas
  27 orc wizards
  Robin (D:2)
  7 gnolls
  4 adders
  A shadow imp (D:7)
  7 white imps
  3 ufetubi
  3 worms
  3 dart slugs
  51 orcs
  6 endoplasms
  2 giant cockroaches
  23 goblins
  12 hobgoblins
  6 jackals
  44 kobolds
  6 quokkas
  6 ball pythons
  4 bats
  3 frilled lizards (D:1)
  7 rats
914 creatures vanquished.

Vanquished Creatures (collateral kills)
  Prince Ribbit (Bailey)
1 creature vanquished.

Vanquished Creatures (others)
  A troll (D:10)
  3 bushes (D:13)
  25 foxfires
  82 fungi
  132 plants
243 creatures vanquished.

Grand Total: 1158 creatures vanquished

Table legend:
 A = Non-vault XP
 B = Vault XP
 C = Vault XP percentage of total XP
 D = Non-vault monster count
 E = Vault monster count
 F = Vault count percentage of total count
                 A         B        C        D         E       F
            +---------+---------+-------+---------+---------+-------
      Total |  185547 |   82099 |  30.7 |     661 |     252 |  27.6
            +---------+---------+-------+---------+---------+-------
        D:1 |      32 |       4 |  11.1 |      19 |       2 |   9.5
        D:2 |      49 |     130 |  72.6 |      15 |      18 |  54.5
        D:3 |     114 |     308 |  73.0 |      30 |       2 |   6.2
        D:4 |      84 |     161 |  65.7 |       6 |       9 |  60.0
        D:5 |     579 |       0 |   0.0 |      15 |       0 |   0.0
        D:6 |     918 |       0 |   0.0 |      18 |       0 |   0.0
        D:7 |     687 |     387 |  36.0 |      22 |       3 |  12.0
        D:8 |    1016 |       0 |   0.0 |      16 |       0 |   0.0
        D:9 |    3532 |     944 |  21.1 |      52 |       4 |   7.1
       D:10 |    2662 |       0 |   0.0 |      27 |       0 |   0.0
       D:11 |    8223 |       0 |   0.0 |      32 |       0 |   0.0
       D:12 |    5693 |     992 |  14.8 |      20 |       2 |   9.1
       D:13 |   11601 |    7717 |  39.9 |      22 |      45 |  67.2
       D:14 |    6250 |    3410 |  35.3 |      13 |       4 |  23.5
       D:15 |    9275 |    2682 |  22.4 |      26 |       3 |  10.3
     Lair:1 |    2880 |    2656 |  48.0 |      12 |       3 |  20.0
     Lair:2 |   11154 |    1121 |   9.1 |      26 |      11 |  29.7
     Lair:3 |    4350 |    2252 |  34.1 |      14 |       9 |  39.1
     Lair:4 |   11991 |     817 |   6.4 |      40 |       1 |   2.4
     Lair:5 |   13552 |    9510 |  41.2 |      38 |      22 |  36.7
    Swamp:1 |    8133 |   11270 |  58.1 |      13 |      11 |  45.8
    Swamp:2 |    6491 |       0 |   0.0 |      14 |       0 |   0.0
    Swamp:3 |   17746 |    3462 |  16.3 |      28 |       4 |  12.5
    Swamp:4 |    8327 |    9169 |  52.4 |      13 |      12 |  48.0
    Snake:1 |   14233 |    1202 |   7.8 |      27 |       1 |   3.6
    Snake:2 |   19374 |    6924 |  26.3 |      39 |       6 |  13.3
    Snake:3 |   10698 |    3317 |  23.7 |      23 |       1 |   4.2
    Snake:4 |    1674 |     741 |  30.7 |       4 |       3 |  42.9
      Orc:1 |    2961 |     997 |  25.2 |      22 |       3 |  12.0
      Orc:2 |    1268 |    7234 |  85.1 |      15 |      47 |  75.8
     Bailey |       0 |    4692 | 100.0 |       0 |      26 | 100.0
            +---------+---------+-------+---------+---------+-------

Illustrated notes

Table legend:
 A = Kills in this place as a percentage of kills in entire the game.
 B = Kills by you in this place as a percentage of kills by you in the entire game.
 C = Kills by friends in this place as a percentage of kills by friends in the entire game.
 D = Other kills in this place as a percentage of other kills in the entire game.
 E = Experience gained in this place as a percentage of experience gained in the entire game.
 F = Experience gained in this place divided by the number of levels of this place that you have seen.
                   A       B       C       D       E      F
               +-------+-------+-------+-------+-------+----------------------
         Total | 100.0 | 100.0 | 100.0 | 100.0 | 100.0 | 7871.9
       Dungeon |  46.5 |  46.8 |   0.0 |  16.7 |  25.2 | 4496.7
          Lair |  19.3 |  19.4 |   0.0 |   0.0 |  22.5 | 12056.6
         Swamp |  10.4 |  10.5 |   0.0 |   0.0 |  24.1 | 16149.5
     Snake Pit |  11.4 |  11.5 |   0.0 |   0.0 |  21.7 | 14540.8
  Orcish Mines |   9.5 |   9.6 |   0.0 |   0.0 |   4.7 | 6230.0
        Bailey |   2.8 |   2.2 | 100.0 |  83.3 |   1.8 | 4692.0
               +-------+-------+-------+-------+-------+----------------------

Table legend: (Time is in decaauts)
 A = Elapsed time spent in this place.
 B = Non-inter-level travel time spent in this place.
 C = Inter-level travel time spent in this place.
 D = Time resting spent in this place.
 E = Time spent auto-exploring this place.
 F = Levels seen in this place.
 G = Mean time per level.
                   A        B        C        D        E       F      G
               +--------+--------+--------+--------+--------+-----+--------+
         Total |  66456 |  61867 |   4589 |  24077 |  29072 |  34 | 1954.6 |
       Dungeon |  29932 |  27232 |   2700 |   8651 |  14247 |  15 | 1995.5 |
        Temple |    213 |    174 |     39 |      0 |    154 |   1 |  213.0 |
          Lair |  15604 |  14488 |   1116 |   5659 |   7119 |   5 | 3120.8 |
         Swamp |   6039 |   5900 |    139 |   2939 |   2089 |   4 | 1509.8 |
     Snake Pit |   8884 |   8603 |    281 |   3729 |   3929 |   4 | 2221.0 |
  Orcish Mines |   4817 |   4506 |    311 |   2452 |   1440 |   2 | 2408.5 |
        Depths |      1 |      1 |      0 |      0 |      0 |   1 |    1.0 |
         Abyss |     43 |     43 |      0 |      0 |     22 |   1 |   43.0 |
        Bailey |    919 |    919 |      0 |    647 |     71 |   1 |  919.0 |
               +--------+--------+--------+--------+--------+-----+--------+

Top non-repeatable levels by time:
 Snake:1: 4080 daAuts
  Lair:4: 3954 daAuts
    D:11: 3517 daAuts
  Lair:2: 3477 daAuts
    D:13: 3462 daAuts
     D:9: 3416 daAuts
  Lair:3: 3163 daAuts
  Lair:5: 2830 daAuts
 Snake:2: 2810 daAuts
   Orc:2: 2674 daAuts
     D:8: 2471 daAuts
 Swamp:3: 2469 daAuts
  Lair:1: 2179 daAuts
   Orc:1: 2143 daAuts
    D:10: 1955 daAuts
